AoeStats
← 一杯冰美式

Coastal Forest

510736953Analyzed
4v4 RM · 8h ago on Oct 2, 2026· 19m 55s· 8 players
Game mode
Random Map
Map size
Large (8 player)
Population
200
Speed
Normal
Resources
Standard
Victory
Conquest
Starting age
Dark Age
Ending age
Imperial Age
RankedLock teamsTeams togetherTeam positionsShared explorationLock speedFull tech treeHidden civsTurbo modeCheats
Victory
Defeat
🇨🇿 Mongols · Czechia
1235
+15
🇮🇱 Spanish · Israel
1190
+17
🇪🇸 Cumans · Spain
1159
+18
🇨🇦 Japanese · Canada
1146
+18
🇨🇳 Franks · China
1323
-23
🇨🇳 Mongols · China
1191
-16
🇨🇳 Persians · China
1158
-15
🇹🇼 Japanese · Taiwan
1138
-14
Mike
8:49 Loom
11:42 Feudal Age
15:34 Castle Age
13:25 Double-Bit Axe
16:37 Bow Saw
17:12 Horse Collar
18:45 Wheelbarrow
18:22 Heavy Plow
DropDongHitBong420
6:46 Loom
7:21 Loom
10:26 Feudal Age
11:27 Arson
12:36 Man-at-Arms
orangepocalypse
9:36 Feudal Age
14:28 Castle Age
13:49 Loom
15:49 Fletching
John Kalztan
6:16 Loom
10:05 Feudal Age
13:42 Horse Collar
21:54 Castle Age
C_XW
6:12 Loom
9:11 Feudal Age
9:46 Double-Bit Axe
17:57 Fletching
一杯冰美式
1:35 Loom
12:36 Feudal Age
17:08 Castle Age
15:02 Double-Bit Axe
15:13 Gold Mining
15:15 Stone Mining
_xy_2252
1:58 Loom
9:23 Feudal Age
11:02 Wheelbarrow
14:02 Castle Age
12:29 Double-Bit Axe
13:01 Horse Collar
小尚
6:42 Loom
11:05 Feudal Age
13:00 Double-Bit Axe
19:02 Castle Age
17:08 Stone Mining
17:02 Horse Collar
Connection lost

Rejoining the realm…

Still unreachable

The connection could not be restored.

Session expired

The server has moved on; the page needs a fresh start.